 Dungeon Crawl Stone Soup version 0.26-a0-1126-g3318b609a0 (webtiles) character file.

Game seed: 12137365377145473981

217 ma3 the Magician (level 5, 23/24 HPs)
             Began as a Spriggan Earth Elementalist on Dec 17, 2020.
             Quit the game in an ossuary.
             The game lasted 00:09:32 (4389 turns).

ma3 the Magician (Spriggan Earth Elementalist)      Turns: 4389, Time: 00:09:33

Health: 23/24      AC:  2    Str:  4    XL:     5   Next: 62%
Magic:  3/14       EV: 17    Int: 17    God:
Gold:   192        SH:  5    Dex: 17    Spells: 11/15 levels left

rFire    . . .     SeeInvis +   a - +0 dagger
rCold    . . .     Faith    .   n - +0 buckler (curse)
rNeg     . . .     Spirit   .   c - +0 robe
rPois    +         Reflect  .   (helmet restricted)
rElec    .         Harm     .   (no cloak)
rCorr    .         Rampage  .   (gloves unavailable)
Will     .....                  (boots unavailable)
Stlth    +.........             (no amulet)
HPRegen  0.08/turn              i - ring of poison resistance
MPRegen  0.14/turn              l - ring of attention (curse)

@: very slightly contaminated, very quick
A: very small, unfitting armour, see invisible, speed 3
a: no special abilities


You were in an ossuary.
You visited 1 branch of the dungeon, and saw 4 of its levels.
You also visited: Ossuary.

You collected 192 gold pieces.

Inventory:

Hand Weapons
 a - a +0 dagger (weapon)
Missiles
 h - 15 stones
Armour
 c - a +0 robe (worn)
 n - a cursed +0 buckler (worn)
Jewellery
 i - a ring of poison resistance (left hand)
 l - a cursed ring of attention (right hand)
Scrolls
 e - 5 scrolls of identify
 k - a scroll of fog
 o - a scroll of enchant armour {unknown}
Potions
 b - 2 potions of might {unknown}
 d - 4 potions of degeneration {unknown}
 f - 3 potions of haste {unknown}
 g - 2 potions of brilliance {unknown}
 j - a potion of curing {unknown}
 m - a potion of resistance {unknown}


   Skills:
 + Level 0.2 Short Blades
 - Level 3.0 Dodging
 - Level 3.0 Stealth
 + Level 5.5 Spellcasting
 - Level 1.3 Transmutations
 + Level 4.4 Earth Magic


You had 11 spell levels left.
You knew the following spells:

 Your Spells              Type           Power        Failure   Level
a - Sandblast             Erth           38%          3%          1
b - Stone Arrow           Conj/Erth      24%          26%         3

Your spell library contained the following spells:

 Spells                   Type           Power        Failure   Level
 Passwall                 Tmut/Erth      11%          11%         2
 Petrify                  Tmut/Erth      14%          56%         4
 Lee's Rapid Deconstruct  Erth           9%           69%         5


Dungeon Overview and Level Annotations

Branches:
Dungeon (4/15)            Ossuary (1/1)
 Temple: D:4-7

Altars:
Ashenzari
Dithmenos
Makhleb
Zin

Annotations:
D:1 Natasha
D:2 Ijyb


Innate Abilities, Weirdness & Mutations

You are very small and have problems with some larger weapons.
You are too small for most types of armour.
You have supernaturally acute eyesight. (SInv)
You cover ground extremely quickly.


Message History

You don't have enough magic to cast that spell.
Casting: Stone Arrow (extremely dangerous; 26% risk of failure)
Confirm with . or Enter, or press ? or * to list all spells.
You don't have enough magic to cast that spell.
Unknown command.
You completely miss the gnoll zombie.
The gnoll zombie is almost destroyed.
The gnoll zombie closely misses you. The kobold zombie closely misses you.
You hit the gnoll zombie but do no damage.
The gnoll zombie is almost destroyed.
You block the gnoll zombie's attack. x2; The kobold zombie hits you.
You hit the gnoll zombie but do no damage.
The gnoll zombie is almost destroyed.
The gnoll zombie misses you. You block the gnoll zombie's attack.
There is an empty arch of ancient stone here.
There is a gate leading back out of this place here.
Unknown command.
Unknown command.
Okay, then.
Are you sure you want to abandon this character and quit the game? (Confirm with "yes".)

#....#
#....#
#....#
#..Z.#
#..Z.#
#Z..Z#
#.ZZ.#
#....#
#.@∩.#
######


You could see a hobgoblin zombie, 2 gnoll zombies, a kobold zombie and 2 orc
zombies.

Vanquished Creatures
  Natasha (D:2)
  A worker ant (D:2)
  3 gnolls (D:3)
  2 adders (D:2)
  3 oozes
  An adder zombie (D:2)
  3 worms
  6 dart slugs
  3 leopard geckos (D:2)
  6 orcs (D:3)
  7 bats
  4 giant cockroaches
  4 goblins
  8 hobgoblins
  8 jackals (D:1)
  8 kobolds
  4 ball pythons
  3 frilled lizards
  5 rats
80 creatures vanquished.

Notes
Turn   | Place    | Note
-------+----------+-------------------------------------------
     0 | D:1      | ma3 the Spriggan Earth Elementalist began the quest for the
                  | Orb.
     0 | D:1      | Reached XP level 1. HP: 9/9 MP: 5/5
   190 | D:1      | Reached skill level 3 in Spellcasting
   190 | D:1      | Reached XP level 2. HP: 13/13 MP: 4/7
   508 | D:1      | Reached XP level 3. HP: 16/16 MP: 3/8
   713 | D:1      | Learned a level 3 spell: Stone Arrow
  1818 | D:2      | Reached skill level 4 in Spellcasting
  1918 | D:2      | Reached XP level 4. HP: 21/21 MP: 4/11
  2146 | D:2      | Found a shadowy altar of Dithmenos.
  2214 | D:2      | Noticed Natasha
  2219 | D:2      | Killed Natasha
  2595 | D:2      | Reached skill level 5 in Spellcasting
  2595 | D:2      | Reached XP level 5. HP: 16/24 MP: 2/13
  3105 | D:3      | Noticed Ijyb
  3252 | D:3      | Found a burning altar of Makhleb.
  3337 | D:3      | Found a glowing silver altar of Zin.
  3337 | D:3      | Found a broken altar of Ashenzari.
  3478 | D:3      | Paralysed by Ijyb for 7 turns
  3538 | D:3      | Paralysed by Ijyb for 3 turns
  3556 | D:2      | Noticed Natasha
  4359 | D:4      | Found a sand-covered staircase.
  4370 | Ossuary  | Entered an ossuary
  4389 | Ossuary  | Quit the game

Illustrated notes

Levels and vault maps discovered:
D:1:      lightli_molten_gateway, layout_basic
D:2:      minmay_inner_zag, layout_loops_ring, lemuel_doored_altar,
          st_stairs_10, minmay_fractal_squares_gapless_5, uniq_natasha
D:3:      layout_loops_ring, bloody_makhleb, gammafunk_temple_overflow_wave,
          uniq_ijyb
D:4:      minmay_thick_lines, layout_layer_cave, nicolae_ossuary_entry_ruins,
          nrook_mini_vaults, grunt_decor_one_mirror, uniq_edmund, uniq_sigmund,
          uniq_grinder, uniq_crazy_yiuf_cottage, uniq_menkaure
Ossuary:  ossuary_tomb_3

Skill      XL: |  1  2  3  4 |
---------------+-------------+-----
Earth Magic    | 3 4 |  4.4
Spellcasting   | 3 4 5 |  5.5
Short Blades   | |  0.2
Dodging        | |  3.0
Stealth        | |  3.0
Transmutations | |  1.3

Action                   |  1- 3 |  4- 6 || total
-------------------------+-------+-------++-------
Melee: Dagger            |    43 |    46 ||    89
 Cast: Sandblast         |    59 |    74 ||   133
       Stone Arrow       |       |     5 ||     5
  Use: Scroll            |       |     4 ||     4
 Stab: Sleeping          |     1 |       ||     1
Armor: Robe              |     3 |     8 ||    11
Dodge: Dodged            |    57 |    55 ||   112
Block: Buckler           |       |    17 ||    17

Table legend: (Time is in decaauts)
 A = Elapsed time spent in this place.
 B = Non-inter-level travel time spent in this place.
 C = Inter-level travel time spent in this place.
 D = Time resting spent in this place.
 E = Time spent auto-exploring this place.
 F = Levels seen in this place.
 G = Mean time per level.
                   A        B        C        D        E       F      G
               +--------+--------+--------+--------+--------+-----+--------+
         Total |   3443 |   3358 |     85 |    463 |   2256 |   5 |  688.6 |
       Dungeon |   3429 |   3344 |     85 |    463 |   2255 |   4 |  857.2 |
       Ossuary |     14 |     14 |      0 |      0 |      0 |   1 |   14.0 |
               +--------+--------+--------+--------+--------+-----+--------+

Top non-repeatable levels by time:
     D:1: 1394 daAuts
     D:2: 1099 daAuts
     D:3: 912 daAuts
     D:4: 23 daAuts
 Ossuary: 14 daAuts
